TOP OF THE 1ST |
Eugene Emeralds batting - Pitching for Boise Hawks : LHP Su-wu Pi
|
Pitching: LHP Su-wu Pi
|
|
Batting: RHB Garrett Granata
|
0-0: Ball 1-0: Ground out U3 (Groundball, 34, EV 108.8 MPH)
|
Batting: RHB Chris Slama
|
0-0: Ground out 6-3 (Groundball, 6, EV 111.3 MPH)
|
Batting: RHB Francisco Ramirez
|
0-0: Called Strike 0-1: Called Strike 0-2: Foul Ball, location: 2F 0-2: Ball 1-2: Fly out, F9 (Line Drive, 9, EV 97.5 MPH)
|
Top of the 1st over - 0 runs, 0 hits, 0 errors, 0 left on base; Eugene 0 - Boise 0 |
BOTTOM OF THE 1ST |
Boise Hawks batting - Pitching for Eugene Emeralds : RHP Mark Duffy
|
Pitching: RHP Mark Duffy
|
|
Batting: LHB Eddie Gonzalez
|
0-0: Ball 1-0: Called Strike 1-1: Fly out, F9 (Flyball, 9LM, EV 91.9 MPH)
|
Batting: LHB Steve Gilliam
|
0-0: Ball 1-0: Ball 2-0: Called Strike 2-1: Foul Ball, location: 2F 2-2: Fly out, F3 (Flyball, 3D, EV 94.4 MPH)
|
Batting: SHB Bobby Santor
|
0-0: Ball 1-0: Ball 2-0: Ball 3-0: Base on Balls
|
Batting: LHB Greg Valenzuela
|
0-0: 2-RUN HOME RUN (Flyball, 9D, EV 96.3 MPH), Distance : 353 ft
|
Batting: RHB Ryan Rinaldi
|
0-0: Ball 1-0: Ball 2-0: Ball 3-0: Called Strike 3-1: Called Strike 3-2: Strikes out swinging
|
Bottom of the 1st over - 2 runs, 1 hit, 0 errors, 0 left on base; Eugene 0 - Boise 2 |
TOP OF THE 2ND |
Eugene Emeralds batting - Pitching for Boise Hawks : LHP Su-wu Pi
|
Batting: LHB Trevor Spaulding
|
0-0: Called Strike 0-1: Ball 1-1: Ground out 3-1 (Groundball, 34S, EV 89.4 MPH)
|
Batting: RHB Jonathan Sotelo
|
0-0: Foul Ball, location: 2F 0-1: Ball 1-1: Ball 2-1: Swinging Strike 2-2: Ball 3-2: Foul Ball, location: 2F 3-2: SINGLE (Groundball, 4MD, EV 100.0 MPH)
|
Batting: LHB Mark Huey
|
0-0: Ball 1-0: Called Strike 1-1: Foul Ball, location: 2F 1-2: Ball 2-2: Foul Ball, location: 2F 2-2: Ball 3-2: Foul Ball, location: 2F 3-2: Foul Ball, location: 2F 3-2: Foul Ball, location: 2F 3-2: Base on Balls Jonathan Sotelo to second
|
Batting: SHB Bob Hamilton
|
0-0: Ball 1-0: Ball 2-0: Foul Ball, location: 2F 2-1: Ball 3-1: Base on Balls Jonathan Sotelo to third Mark Huey to second
|
Batting: RHB Brian Gargis
|
0-0: Called Strike 0-1: Ball 1-1: Called Strike 1-2: Ball 2-2: Foul Ball, location: 2F 2-2: Ball Wild Pitch! Jonathan Sotelo scores Mark Huey to third Bob Hamilton to second 3-2: Fly out, F8 (Flyball, 8RD, EV 94.4 MPH) Runner from 3rd tags up, SCORES, throw by CF Bob Hamilton to third
|
Batting: RHB Jonathan Ridgely
|
0-0: Ball 1-0: Foul Ball, location: 2F 1-1: Swinging Strike 1-2: Strikes out looking
|
Top of the 2nd over - 2 runs, 1 hit, 0 errors, 1 left on base; Eugene 2 - Boise 2 |
BOTTOM OF THE 2ND |
Boise Hawks batting - Pitching for Eugene Emeralds : RHP Mark Duffy
|
Batting: RHB Eric Delgado
|
0-0: Ball 1-0: Swinging Strike 1-1: SINGLE (Line Drive, 8LS, EV 110.6 MPH)
|
Batting: LHB Zane Kelton
|
0-0: Fielders Choice at 2nd, 6-4 (Groundball, 6, EV 87.5 MPH)
|
Batting: RHB John Stevenson
|
0-0: Ball Zane Kelton steals 2nd base 1-0: Foul Ball, location: 2F 1-1: Ground out 1-3 (Groundball, P, EV 72.5 MPH) Zane Kelton to third
|
Batting: RHB Chris Tatum
|
0-0: Called Strike 0-1: Ball 1-1: Ball 2-1: Ball 3-1: Ground out 6-3 (Groundball, 6, EV 86.3 MPH)
|
Bottom of the 2nd over - 0 runs, 1 hit, 0 errors, 1 left on base; Eugene 2 - Boise 2 |
TOP OF THE 3RD |
Eugene Emeralds batting - Pitching for Boise Hawks : LHP Su-wu Pi
|
Batting: RHB Garrett Granata
|
0-0: Ground out 5-3 (Groundball, 56S, EV 71.3 MPH)
|
Batting: RHB Chris Slama
|
0-0: Ball 1-0: Foul Ball, location: 2F 1-1: Ball 2-1: Foul Ball, location: 2F 2-2: Hit by Pitch
|
Batting: RHB Francisco Ramirez
|
0-0: Ball 1-0: SINGLE (Line Drive, 89S, EV 95.6 MPH) Chris Slama to second
|
Batting: LHB Trevor Spaulding
|
0-0: Ball 1-0: Called Strike 1-1: Called Strike 1-2: Ball 2-2: Ball 3-2: Base on Balls Chris Slama to third Francisco Ramirez to second
|
Batting: RHB Jonathan Sotelo
|
0-0: Foul Ball, location: 2F 0-1: Swinging Strike 0-2: Ball 1-2: Foul Ball, location: 2F 1-2: Ball 2-2: Strikes out looking
|
Batting: LHB Mark Huey
|
0-0: Called Strike 0-1: Ball 1-1: Swinging Strike 1-2: Strikes out looking
|
Top of the 3rd over - 0 runs, 1 hit, 0 errors, 3 left on base; Eugene 2 - Boise 2 |
BOTTOM OF THE 3RD |
Boise Hawks batting - Pitching for Eugene Emeralds : RHP Mark Duffy
|
Batting: LHB Eddie Gonzalez
|
0-0: Fly out, F4 (Line Drive, 4, EV 65.0 MPH)
|
Batting: LHB Steve Gilliam
|
0-0: Ball 1-0: Called Strike 1-1: Foul Ball, location: 2F 1-2: SINGLE (Groundball, 5L, EV 86.9 MPH) (infield hit)
|
Batting: SHB Bobby Santor
|
0-0: Ball Steve Gilliam steals 2nd base 1-0: Ground out 5-3 (Groundball, 15, EV 88.8 MPH)
|
Batting: LHB Greg Valenzuela
|
0-0: Ball 1-0: Swinging Strike 1-1: Fly out, F7 (Flyball, 7S, EV 87.5 MPH)
|
Bottom of the 3rd over - 0 runs, 1 hit, 0 errors, 1 left on base; Eugene 2 - Boise 2 |
TOP OF THE 4TH |
Eugene Emeralds batting - Pitching for Boise Hawks : LHP Su-wu Pi
|
Batting: SHB Bob Hamilton
|
0-0: Ground out U3 (Groundball, 34S, EV 84.4 MPH)
|
Batting: RHB Brian Gargis
|
0-0: Ball 1-0: DOUBLE (Line Drive, 9LM, EV 106.9 MPH)
|
Batting: RHB Jonathan Ridgely
|
0-0: Called Strike 0-1: Swinging Strike 0-2: Ball 1-2: Strikes out swinging
|
Batting: RHB Garrett Granata
|
0-0: Ball 1-0: Ball 2-0: Called Strike 2-1: Foul Ball, location: 2F 2-2: Ball 3-2: Base on Balls
|
Batting: RHB Chris Slama
|
0-0: Foul Ball, location: 2F 0-1: Ball 1-1: 3-RUN HOME RUN (Flyball, 78XD, EV 97.5 MPH), Distance : 383 ft
|
Pitching: LHP Glenn Lowther
|
|
Batting: RHB Francisco Ramirez
|
0-0: Swinging Strike 0-1: Foul Ball, location: 2F 0-2: Strikes out swinging
|
Top of the 4th over - 3 runs, 2 hits, 0 errors, 0 left on base; Eugene 5 - Boise 2 |
BOTTOM OF THE 4TH |
Boise Hawks batting - Pitching for Eugene Emeralds : RHP Mark Duffy
|
Batting: RHB Ryan Rinaldi
|
0-0: Ball 1-0: Foul Ball, location: 2F 1-1: Called Strike 1-2: Strikes out swinging
|
Batting: RHB Eric Delgado
|
0-0: Ball 1-0: TRIPLE (Flyball, 8LXD, EV 102.5 MPH)
|
Batting: LHB Zane Kelton
|
0-0: Swinging Strike 0-1: Ball 1-1: Ball 2-1: Ball 3-1: Called Strike 3-2: DOUBLE (Flyball, 8RD, EV 87.5 MPH) Eric Delgado scores
|
Batting: RHB John Stevenson
|
0-0: Called Strike 0-1: Ball 1-1: Fly out, F9 (Line Drive, 9, EV 98.1 MPH)
|
Batting: RHB Chris Tatum
|
0-0: Called Strike 0-1: Ball 1-1: Foul Ball, location: 2F 1-2: Strikes out swinging
|
Bottom of the 4th over - 1 run, 2 hits, 0 errors, 1 left on base; Eugene 5 - Boise 3 |
TOP OF THE 5TH |
Eugene Emeralds batting - Pitching for Boise Hawks : LHP Glenn Lowther
|
Batting: LHB Trevor Spaulding
|
0-0: Foul Ball, location: 2F 0-1: Foul Ball, location: 2F 0-2: Ball 1-2: Strikes out swinging
|
Batting: RHB Jonathan Sotelo
|
0-0: Ball 1-0: Called Strike 1-1: Ball 2-1: Ball 3-1: Foul Ball, location: 2F 3-2: Foul Ball, location: 2F 3-2: Foul Ball, location: 2F 3-2: Strikes out looking
|
Batting: LHB Mark Huey
|
0-0: Called Strike 0-1: Swinging Strike 0-2: Strikes out swinging
|
Top of the 5th over - 0 runs, 0 hits, 0 errors, 0 left on base; Eugene 5 - Boise 3 |
BOTTOM OF THE 5TH |
Boise Hawks batting - Pitching for Eugene Emeralds : RHP Mark Duffy
|
Batting: LHB Eddie Gonzalez
|
0-0: Ball 1-0: Fly out, F7 (Flyball, 7LM, EV 101.3 MPH)
|
Batting: LHB Steve Gilliam
|
0-0: Fly out, F9 (Flyball, 9D, EV 99.4 MPH)
|
Batting: SHB Bobby Santor
|
0-0: Foul Ball, location: 2F 0-1: Ball 1-1: Called Strike 1-2: Ball 2-2: Ground out 4-3 (Groundball, 4, EV 89.4 MPH)
|
Bottom of the 5th over - 0 runs, 0 hits, 0 errors, 0 left on base; Eugene 5 - Boise 3 |
TOP OF THE 6TH |
Eugene Emeralds batting - Pitching for Boise Hawks : LHP Glenn Lowther
|
Batting: SHB Bob Hamilton
|
0-0: Ball 1-0: Foul Ball, location: 2F 1-1: Foul Ball, location: 2F 1-2: Ball 2-2: Ball 3-2: Foul Ball, location: 2F 3-2: Foul Ball, location: 2F 3-2: Base on Balls
|
Batting: RHB Brian Gargis
|
0-0: Ball 1-0: Called Strike 1-1: Foul Ball, location: 2F 1-2: Foul Ball, location: 2F 1-2: Strikes out swinging
|
Batting: RHB Jonathan Ridgely
|
0-0: Ball Bob Hamilton steals 2nd base 1-0: Foul Ball, location: 2F 1-1: Swinging Strike 1-2: Ball 2-2: Strikes out swinging
|
Batting: RHB Garrett Granata
|
0-0: Called Strike 0-1: Ball 1-1: Called Strike 1-2: Ball 2-2: Ball 3-2: Base on Balls
|
Batting: RHB Chris Slama
|
0-0: Called Strike 0-1: Foul Ball, location: 2F 0-2: SINGLE (Groundball, 5L, EV 88.8 MPH) (infield hit) Bob Hamilton to third Garrett Granata to second
|
Batting: RHB Francisco Ramirez
|
0-0: Swinging Strike 0-1: SINGLE (Flyball, 9S, EV 85.0 MPH) Bob Hamilton scores Garrett Granata to third Chris Slama to second Runner from 3rd tries for Home, throw by RF and OUT! 9-2
|
Top of the 6th over - 1 run, 2 hits, 0 errors, 2 left on base; Eugene 6 - Boise 3 |
BOTTOM OF THE 6TH |
Boise Hawks batting - Pitching for Eugene Emeralds : RHP Mark Duffy
|
Batting: LHB Greg Valenzuela
|
0-0: Ball 1-0: Foul Ball, location: 2F 1-1: Ball 2-1: Called Strike 2-2: Ground out U3 (Groundball, 34, EV 80.6 MPH)
|
Batting: RHB Ryan Rinaldi
|
0-0: Ball 1-0: Ball 2-0: Called Strike 2-1: Ball 3-1: Base on Balls
|
Pitching: LHP Colin Scott
|
|
Batting: RHB Eric Delgado
|
0-0: Ball 1-0: Ball 2-0: Ball Ryan Rinaldi steals 2nd base 3-0: Called Strike 3-1: Base on Balls
|
Batting: LHB Zane Kelton
|
0-0: Ball 1-0: Called Strike 1-1: Ball 2-1: Foul Ball, location: 2F 2-2: Fielders Choice at 2nd, 3-6 (Groundball, 3, EV 109.4 MPH) Ryan Rinaldi to third
|
Batting: RHB John Stevenson
|
0-0: Ball 1-0: Called Strike Zane Kelton steals 2nd base 1-1: Called Strike 1-2: Ball 2-2: Strikes out swinging
|
Bottom of the 6th over - 0 runs, 0 hits, 0 errors, 2 left on base; Eugene 6 - Boise 3 |
TOP OF THE 7TH |
Eugene Emeralds batting - Pitching for Boise Hawks : LHP Glenn Lowther
|
Pitching: LHP Dan Ott
|
|
Batting: LHB Trevor Spaulding
|
0-0: Ball 1-0: Ground out U3 (Groundball, 3, EV 102.5 MPH)
|
Batting: RHB Jonathan Sotelo
|
0-0: Ball 1-0: Ball 2-0: Called Strike 2-1: Ball 3-1: Called Strike 3-2: Base on Balls
|
Batting: LHB Mark Huey
|
0-0: Ball Jonathan Sotelo steals 2nd, throwing error, E2 Jonathan Sotelo to third 1-0: Foul Ball, location: 2F 1-1: Foul Ball, location: 2F 1-2: Strikes out swinging
|
Batting: SHB Bob Hamilton
|
0-0: Called Strike 0-1: Swinging Strike 0-2: Strikes out swinging
|
Top of the 7th over - 0 runs, 0 hits, 1 error, 1 left on base; Eugene 6 - Boise 3 |
BOTTOM OF THE 7TH |
Boise Hawks batting - Pitching for Eugene Emeralds : LHP Colin Scott
|
Batting: RHB Chris Tatum
|
0-0: Ball 1-0: Swinging Strike 1-1: Foul Ball, location: 2F 1-2: Strikes out swinging
|
Batting: LHB Eddie Gonzalez
|
0-0: Ground out 6-3 (Groundball, 6, EV 88.8 MPH)
|
Batting: LHB Steve Gilliam
|
0-0: Ball 1-0: Called Strike 1-1: Called Strike 1-2: Strikes out swinging
|
Bottom of the 7th over - 0 runs, 0 hits, 0 errors, 0 left on base; Eugene 6 - Boise 3 |
TOP OF THE 8TH |
Eugene Emeralds batting - Pitching for Boise Hawks : LHP Dan Ott
|
Pitching: RHP Mike Clark
|
|
Batting: RHB Brian Gargis
|
0-0: Ball 1-0: Ball 2-0: DOUBLE (Flyball, 89XD, EV 109.4 MPH)
|
Batting: RHB Jonathan Ridgely
|
0-0: Ground out 5-3 (Groundball, 5L, EV 102.5 MPH)
|
Batting: RHB Garrett Granata
|
0-0: Intentional Walk
|
Batting: RHB Chris Slama
|
0-0: Ball 1-0: Foul Ball, location: 2F 1-1: Swinging Strike 1-2: Ball 2-2: Strikes out swinging
|
Batting: RHB Francisco Ramirez
|
0-0: Called Strike 0-1: Ball 1-1: Called Strike 1-2: Ball 2-2: Foul Ball, location: 2F 2-2: Ball 3-2: Ground out 5-3 (Groundball, 5S, EV 65.0 MPH)
|
Top of the 8th over - 0 runs, 1 hit, 0 errors, 2 left on base; Eugene 6 - Boise 3 |
BOTTOM OF THE 8TH |
Boise Hawks batting - Pitching for Eugene Emeralds : LHP Colin Scott
|
Batting: SHB Bobby Santor
|
0-0: Ball 1-0: Foul Ball, location: 2F 1-1: Foul Ball, location: 2F 1-2: SINGLE (Groundball, 4MS, EV 65.0 MPH) (infield hit)
|
Batting: LHB Greg Valenzuela
|
0-0: Ball 1-0: Ball Passed Ball! Bobby Santor to second 2-0: Ball 3-0: Base on Balls
|
Batting: RHB Ryan Rinaldi
|
0-0: Foul Ball, location: 2F 0-1: Ball 1-1: Fly out, F8 (Flyball, 8LM, EV 93.8 MPH)
|
Batting: RHB Eric Delgado
|
0-0: Ball 1-0: Ball 2-0: Ball 3-0: Called Strike 3-1: Called Strike 3-2: Foul Ball, location: 2F 3-2: Base on Balls Bobby Santor to third Greg Valenzuela to second
|
Pinch Hitting: RHB Matt Cone
|
0-0: Ball 1-0: Called Strike 1-1: Ball 2-1: Ball 3-1: SINGLE (Flyball, 34D, EV 87.5 MPH) Bobby Santor scores Greg Valenzuela to third Eric Delgado to second
|
Pitching: LHP Mike Alexander
|
|
Batting: RHB John Stevenson
|
0-0: Called Strike 0-1: Ball 1-1: Ball 2-1: Foul Ball, location: 2F 2-2: Ball 3-2: DOUBLE (Flyball, 8RD, EV 99.4 MPH) Greg Valenzuela scores Eric Delgado scores Matt Cone to third
|
Batting: RHB Chris Tatum
|
0-0: SINGLE (Groundball, 6, EV 100.6 MPH) (infield hit) Matt Cone scores John Stevenson to third
|
Batting: LHB Eddie Gonzalez
|
0-0: SINGLE (Line Drive, 34, EV 98.1 MPH) John Stevenson scores Chris Tatum to second
|
Batting: LHB Steve Gilliam
|
0-0: Called Strike 0-1: Ball 1-1: Ball 2-1: Swinging Strike Passed Ball! Chris Tatum to third Eddie Gonzalez to second 2-2: Strikes out swinging
|
Batting: SHB Bobby Santor
|
0-0: Ball 1-0: Ball 2-0: Ball 3-0: Base on Balls
|
Batting: LHB Greg Valenzuela
|
0-0: Ball 1-0: TRIPLE (Flyball, 89XD, EV 105.0 MPH) Chris Tatum scores Eddie Gonzalez scores Bobby Santor scores
|
Pitching: LHP VirgĂlio Beyfus
|
|
Batting: RHB Ryan Rinaldi
|
0-0: Called Strike 0-1: Ball 1-1: Ball 2-1: Fly out, F4 (Line Drive, 4, EV 60.6 MPH)
|
Bottom of the 8th over - 8 runs, 6 hits, 0 errors, 1 left on base; Eugene 6 - Boise 11 |
TOP OF THE 9TH |
Eugene Emeralds batting - Pitching for Boise Hawks : RHP Mike Clark
|
Now at 3B: Matt Cone
|
|
Batting: LHB Trevor Spaulding
|
0-0: Ball 1-0: Ball 2-0: Ball 3-0: Called Strike 3-1: Ground out 4-3 (Groundball, 4S, EV 70.0 MPH)
|
Batting: RHB Jonathan Sotelo
|
0-0: Ball 1-0: Ball 2-0: Called Strike 2-1: Ball 3-1: Called Strike 3-2: Base on Balls
|
Batting: LHB Mark Huey
|
0-0: Swinging Strike 0-1: Called Strike 0-2: Foul Ball, location: 2F 0-2: Fielders Choice at 2nd, 4-6 (Groundball, 4, EV 105.6 MPH)
|
Batting: SHB Bob Hamilton
|
0-0: Ball 1-0: Foul Ball, location: 2F 1-1: Foul Ball, location: 2F 1-2: Strikes out swinging
|
Top of the 9th over - 0 runs, 0 hits, 0 errors, 1 left on base; Eugene 6 - Boise 11 |
|